 Dungeon Crawl Stone Soup version 0.24.1-4-ge52af88ad5 (webtiles) character file.

Game seed: 12792457462948040625, levelgen mode: deterministic

88519 MajorAdolf the Warrior (level 15, -5/162 HPs)
             Began as a Naga Wanderer on Apr 17, 2020.
             Was an Initiate of Gozag.
             Slain by a sun demon (9 damage)
             ... summoned by an orc high priest
             ... on level 2 of the Orcish Mines.
             The game lasted 01:02:53 (29055 turns).

MajorAdolf the Warrior (Naga Wanderer)             Turns: 29055, Time: 01:02:54

Health: -5/162     AC: 14    Str: 27      XL:     15   Next: 94%
Magic:  0/26       EV:  5    Int:  8 (9)  God:    Gozag
Gold:   5005       SH:  4    Dex: 11      Spells: 16/16 levels left

rFire    + . .     SeeInvis +   N - +5 broad axe
rCold    + . .     Gourm    .   x - +0 buckler
rNeg     + + .     Faith    .   i - +2 plate armour {rN+}
rPois    +         Spirit   +   d - -2 hat of the Alchemist {rElec rPois rF+ rC+ rN+ MR+ rMut rCorr}
rElec    +         Reflect  .   P - scarf {Spirit}
rCorr    +         Harm     .   y - +2 pair of gloves
rMut     +                      (no barding)
MR       ++...                  (no amulet)
Stlth    ..........             e - +3 ring of slaying
HPRegen  0.37/turn              L - ring of Trepidation {+Fly Str+7 Int-4 SInv}
MPRegen  0.20/turn

@: studying Fighting, very slow
A: large, see invisible, deformed body, poison resistance, slowness 2, slow
metabolism 1, spit poison 1, constrict 1, AC +5
a: Spit Poison, Potion Petition, Call Merchant, Bribe Branch, Renounce Religion,
Evoke Flight


You were on level 2 of the Orcish Mines.
You worshipped Gozag.
Gozag was greatly pleased with you.
You were very hungry.

You visited 4 branches of the dungeon, and saw 24 of its levels.
You also visited: Gauntlet and Ice Cave.

You collected 10017 gold pieces.
You spent 3765 gold pieces at shops.
You paid 1247 gold pieces to Gozag.

Inventory:

Hand Weapons
 N - a +5 broad axe (weapon)
Missiles
 n - 122 poisoned darts (quivered)
Armour
 d - the -2 hat of the Alchemist (worn) {rElec rPois rF+ rC+ rN+ MR+ rMut rCorr}
   (You bought it in a shop on level 1 of the Lair of Beasts)

   It protects you from fire.
   It protects you from cold.
   It insulates you from electricity.
   It protects you from poison.
   It protects you from negative energy.
   It affects your resistance to hostile enchantments.
   It provides partial protection from all sources of acid and corrosion.
   It protects you from mutation.
 i - a +2 plate armour of positive energy (worn)
 m - the +4 ring mail of Responsibility {rC+ Str+3 Int+4}
   (You bought it in a shop on level 14 of the Dungeon)

   It affects your strength (+3).
   It affects your intelligence (+4).
   It protects you from cold.
 u - the +1 hat of Magic {Regen+}
   (You found it on level 4 of the Dungeon)

   It increases your rate of regeneration.
 x - a +0 buckler (worn)
 y - a +2 pair of gloves (worn)
 P - a scarf of spirit shield (worn)
Jewellery
 b - an uncursed ring of resist corrosion
 e - a +3 ring of slaying (left hand)
 l - an uncursed amulet of guardian spirit {unknown}
 z - an uncursed ring of protection from magic
 D - the cursed ring of the Swan {rF+ MR- EV-3 Dex+3, unknown}
   (You found it on level 4 of the Lair of Beasts)

   [ring of evasion]

   It affects your evasion (-3).
   It affects your dexterity (+3).
   It protects you from fire.
   It affects your resistance to hostile enchantments.
   It has a curse placed upon it.
 L - the ring of Trepidation (right hand) {+Fly Str+7 Int-4 SInv}
   (You found it in an ice cave)

   [ring of see invisible]

   It affects your strength (+7).
   It affects your intelligence (-4).
   It lets you see invisible.
   It lets you fly.
 O - a +6 ring of intelligence
 R - an uncursed amulet of faith {unknown}
 T - the ring of the Oligarchy {*Tele rF+ rC+ MP+9, unknown}
   (You found it in an ice cave)

   [ring of teleportation]

   It may teleport you next to monsters.
   It protects you from fire.
   It protects you from cold.
   It affects your magic capacity (+9).
 U - an uncursed ring of see invisible {unknown}
Wands
 w - a wand of flame (3)
 A - a wand of iceblast (11)
 J - a wand of paralysis (10)
 M - a wand of enslavement (8)
 Y - a wand of polymorph (7)
Scrolls
 a - 10 scrolls of teleportation
 c - 2 scrolls of noise
 g - 12 scrolls of remove curse
 p - a scroll of fear
 E - 5 scrolls of amnesia
 G - a scroll of magic mapping
 I - 2 scrolls of enchant armour
 V - 2 scrolls of identify
Potions
 h - 5 potions of curing
 j - 3 potions of lignification
 o - a potion of ambrosia {unknown}
 q - a potion of magic {unknown}
 r - a potion of mutation {unknown}
 s - a potion of invisibility
 t - 2 potions of brilliance {unknown}
 B - a potion of heal wounds
 H - 3 potions of flight {unknown}
 K - a potion of might {unknown}
 W - a potion of cancellation {unknown}
 X - a potion of resistance {unknown}
Books
 v - a manual of Fighting
Miscellaneous
 k - a phial of floods
 S - a lamp of fire
Comestibles
 f - 22 rations


   Skills:
 - Level 17.6 Fighting
 + Level 14.3 Axes
 + Level 2.3 Armour
 - Level 3.0 Stealth
 - Level 2.6 Shields
 - Level 1.3 Spellcasting
   Level 1.0 Conjurations
   Level 4.0 Charms
   Level 2.0 Fire Magic
 + Level 15.7 Evocations


You had 16 spell levels left.
You didn't know any spells.
Your spell library contained the following spells:

 Spells                   Type           Power        Failure   Level  Hunger
 Infusion                 Chrm           #...         71%         1    ##.....
 Song of Slaying          Chrm           #.......     83%         2    ###....
 Flame Tongue             Conj/Fire      #....        96%         1    ##.....
 Magic Dart               Conj           #...         98%         1    ##.....
 Shroud of Golubria       Chrm/Tloc      #.....       98%         2    ###....
 Swiftness                Chrm/Air       #.......     98%         2    ###....
 Animate Skeleton         Necr           N/A          99%         1    ##.....
 Confusing Touch          Hex            #.....       99%         1    ##.....
 Corona                   Hex            #......      99%         1    ##.....
 Freeze                   Ice            #...         99%         1    ##.....
 Pain                     Necr           #...         99%         1    ##.....
 Shock                    Conj/Air       #...         99%         1    ##.....
 Searing Ray              Conj           #.....       99%         2    ###....
 Ensorcelled Hibernation  Hex/Ice        #.....       100%        2    ###....
 Confuse                  Hex            #.......     100%        3    ####...
 Conjure Flame            Conj/Fire      #.......     100%        3    ####...
 Dazzling Spray           Conj/Hex       #.....       100%        3    ####...
 Gell's Gravitas          Tloc           #.........   100%        3    ####...
 Ozocubu's Armour         Chrm/Ice       #.......     100%        3    ####...
 Portal Projectile        Hex/Tloc       #.....       100%        3    ####...
 Regeneration             Chrm/Necr      #.........   100%        3    ####...
 Spectral Weapon          Hex/Chrm       #.......     100%        3    ####...
 Static Discharge         Conj/Air       #.......     100%        3    ####...
 Tukima's Dance           Hex            #.......     100%        3    ####...
 Vampiric Draining        Necr           #.........   100%        3    ####...
 Airstrike                Air            #.........   100%        4    #####..
 Animate Dead             Necr           N/A          100%        4    #####..
 Force Lance              Conj/Tloc      #.......     100%        4    #####..
 Fulminant Prism          Conj/Hex       #.........   100%        4    #####..
 Iskenderun's Mystic Bla  Conj           #.......     100%        4    #####..
 Petrify                  Tmut/Erth      #.......     100%        4    #####..
 Irradiate                Conj/Tmut      #.........   100%        5    ######.
 Lightning Bolt           Conj/Air       #.........   100%        5    ######.
 Metabolic Englaciation   Hex/Ice        #.........   100%        5    ######.
 Yara's Violent Unravell  Hex/Tmut       #.........   100%        5    ######.
 Dispersal                Tloc           #.........   100%        6    #######
 Hydra Form               Tmut           #.........   100%        6    #######
 Statue Form              Tmut/Erth      #........    100%        6    #######
 Dragon Form              Tmut           #.........   100%        7    #######
 Controlled Blink         Tloc           N/A          100%        8    #######
 Disjunction              Tloc           #.........   100%        8    #######


Dungeon Overview and Level Annotations

Branches:
Dungeon (15/15)            Temple (1/1) D:5            Lair (6/6) D:9
  Swamp (0/4) Lair:3       Spider (0/4) Lair:3        Slime (0/5) Lair:5
    Orc (2/2) D:9             Elf (0/3) Orc:2         IceCv (visited)
Gauntlet (visited)
 Vaults: D:13-14     Depths: D:15

Altars:
Ashenzari
Cheibriados
Dithmenos
Elyvilon
Fedhas
Gozag
Hepliaklqana
Kikubaaqudgha
Makhleb
Nemelex Xobeh
Okawaru
Qazlal
Ru
Sif Muna
Trog
Uskayaw
Vehumet
Wu Jian
Xom
Yredelemnul
The Shining One
Jiyva

Shops:
D:9 (   D:10 *   D:13 (   D:14 [   Orc:2 %*   Lair:1 [

Annotations:
D:6 1 runed translucent door, SergentPoivreBleu's ghost, novice GrEE
D:7 Harold; Pikel
D:15 exclusions: fire dragon and ice dragon
Lair:5 1 runed translucent door


Innate Abilities, Weirdness & Mutations

You cannot wear boots.
Your serpentine skin is tough. (AC +5)
You have supernaturally acute eyesight. (SInv)
Armour fits poorly on your strangely shaped body.
Your system is resistant to poisons. (rPois)
You cover ground very slowly.
You have a slow metabolism.
You can spit poison.
You can use your snake-like lower body to constrict enemies.


Message History

Okay, then.
Okay, then.
As you read the scroll of fear, it crumbles to dust.
You assume a fearsome visage.
The red devil is unaffected.
The sun demon is unaffected.
The ice devil is unaffected.
The chaos spawn is unaffected.
The ynoxinul is unaffected.
The sixfirhy is unaffected.
The hellwing is unaffected.
The ufetubus is unaffected. x2; The orc high priest looks frightened!
The orc knight looks frightened!
The orc high priest looks frightened!
The orc sorcerer looks frightened!
The smoke demon is unaffected.
You block the hellwing's attack. x2
The orc high priest utters an invocation to Beogh.
The orc high priest is healed somewhat.
The chaos spawn hits you but does no damage.
The orc high priest prays to Beogh.
The orc high priest is healed somewhat.
The sun demon hits you!!
* * * LOW HITPOINT WARNING * * *
You are engulfed in flames!
You resist.
You die...
Your body crumbles into a pile of gold.

#..#...## ##
##..## ####..## #
##.###..## ##
##...###..## #.
##.#$#)###..####
##..$#...###..###
##...###...###..##
##@3$##
##...###..# #344##
##.)...... #4oo##
##...#... #4#.##
##.)..#. #.53o.
##..... #...5o#
##..#. ##.....
##..).. ##.#.#
##....#. ##...
##...#...


You could see an orc knight (fleeing), 2 orc high priests, a sun demon, a
hellwing, an ice devil, a sixfirhy, a ynoxinul, a chaos spawn, an orc sorcerer
(fleeing), a red devil and 2 ufetubi.

Vanquished Creatures
  Agnes (D:15)
  Gastronok (Lair:1)
  A fire giant (D:9)
  A minotaur (Gauntlet)
  2 dire elephants (Lair:4)
  9 hydras
  2 ice dragons (IceCv)
  A death knight (D:13)
  A centaur warrior (D:13)
  9 two-headed ogres
  An orc high priest (Orc:2)
  Nergalle (Lair:1)
  A skeletal warrior (D:12)
  A sixfirhy (Orc:2)
  3 unseen horrors
  A phantasmal warrior (D:14)
  A wizard (D:10)
  A deep elf archer (D:14)
  A glowing orange brain (Gauntlet)
  A lindwurm (Lair:4)
  4 deep elf magi
  2 orc knights (Orc:2)
  3 manticores
  12 ugly things
  2 cyclopes
  2 ice statues (IceCv)
  6 black mambas
  7 elephants
  11 spiny frogs
  A smoke demon (Gauntlet)
  2 torpor snails
  A kobold demonologist (D:10)
  14 komodo dragons
  4 rime drakes
  2 red devils
  A queen bee (Lair:2)
  5 trolls
  A hellwing (Orc:2)
  2 hornets
  16 slime creatures
  11 blink frogs
  8 hippogriffs
  4 dream sheep (Lair:6)
  5 shadows
  4 wyverns
  A wraith (D:14)
  2 fire elementals (Lair:1)
  A chaos spawn (Orc:2)
  44 yaks
  4 hungry ghosts
  A neqoxec (Orc:2)
  Eustachio (D:4)
  8 vampire mosquitoes
  A steam dragon (Lair:6)
  A warg (Orc:2)
  3 acid dragons
  14 water moccasins
  7 porcupines
  3 swamp drakes
  17 ice beasts
  3 slaves (D:6)
  28 orc warriors
  3 necrophages
  5 sky beasts
  An eye of draining (D:10)
  3 phantoms
  6 ogres
  10 wolves
  9 crocodiles
  14 centaurs
  15 bullfrogs
  4 scorpions
  29 killer bees
  A wight (D:12)
  8 howler monkeys
  2 electric eels
  10 crimson imps
  A quasit (D:9)
  31 orc priests
  2 jellies
  7 hounds
  5 bullfrog skeletons
  9 centaur skeletons
  23 orc wizards
  A gnoll shaman (D:4)
  Terence (D:1)
  10 iguanas
  7 worker ants
  2 hound skeletons
  2 worker ant zombies
  8 gnolls
  11 adders
  4 shadow imps
  An adder zombie (D:6)
  An adder skeleton (D:6)
  8 leopard geckos
  65 orcs
  8 bats
  3 giant cockroaches
  13 goblins
  5 hobgoblins
  8 jackals
  3 quokkas
  3 ball pythons
  4 frilled lizards
  11 kobolds
  A quokka skeleton (D:5)
  2 quokka zombies (D:6)
  5 rats
  A fungus (Lair:5)
695 creatures vanquished.

Vanquished Creatures (collateral kills)
  A spiny frog (Lair:6)
  A blink frog (Lair:6)
2 creatures vanquished.

Vanquished Creatures (others)
  A vampire mosquito (D:10)
  A bullfrog skeleton (D:11)
  4 fungi
  22 plants
  9 toadstools (Lair:4)
37 creatures vanquished.

Grand Total: 734 creatures vanquished

Notes
Turn   | Place    | Note
-------+----------+-------------------------------------------
     0 | D:1      | MajorAdolf the Naga Wanderer began the quest for the Orb.
     0 | D:1      | MajorAdolf set off with the following items: a +0 club, a
                  | +0 robe, a ration; and the following spells available to
                  | memorise: Flame Tongue, Magic Dart, Freeze, Searing Ray,
                  | Ozocubu's Armour, Conjure Flame, Dazzling Spray,
                  | Iskenderun's Mystic Blast, Force Lance, Fulminant Prism
     0 | D:1      | Reached XP level 1. HP: 15/15 MP: 2/2
   316 | D:1      | Reached XP level 2. HP: 16/22 MP: 4/4
   517 | D:1      | Reached skill level 1 in Fighting
   980 | D:2      | Noticed Terence
  1003 | D:1      | Killed Terence
  1003 | D:1      | Reached skill level 1 in Axes
  1003 | D:1      | Reached XP level 3. HP: 7/31 MP: 5/5
  1969 | D:1      | Reached XP level 4. HP: 38/38 MP: 6/6
  2987 | D:2      | Reached XP level 5. HP: 36/44 MP: 7/7
  4136 | D:3      | Reached skill level 1 in Shields
  4675 | D:3      | Reached XP level 6. HP: 47/51 MP: 8/8
  5510 | D:4      | Noticed Eustachio
  5923 | D:4      | Reached skill level 5 in Axes
  6181 | D:4      | Reached XP level 7. HP: 29/57 MP: 9/9
  6452 | D:4      | Got a polished hat
  6458 | D:4      | Identified the +1 hat of Magic {Regen+} (You found it on
                  | level 4 of the Dungeon)
  6699 | D:4      | Killed Eustachio
  6699 | D:4      | Reached skill level 2 in Fighting
  6817 | D:5      | Entered Level 5 of the Dungeon
  7004 | D:5      | Reached skill level 3 in Fighting
  7307 | D:5      | Reached XP level 8. HP: 53/69 MP: 10/10
  7350 | D:5      | Found a staircase to the Ecumenical Temple.
  7486 | Temple   | Entered the Ecumenical Temple
  7654 | Temple   | Became a worshipper of Gozag Ym Sagoz the Greedy
  7770 | D:6      | Reached skill level 4 in Fighting
  8023 | D:6      | Found a runed translucent door.
  8025 | D:6      | Noticed SergentPoivreBleu's ghost (novice GrEE)
  8105 | D:6      | Found a bloodstained altar of Trog.
  8450 | D:7      | Noticed a hippogriff
  8724 | D:7      | Reached XP level 9. HP: 80/80 MP: 11/11
  8747 | D:7      | Reached skill level 5 in Fighting
  8930 | D:7      | Noticed Harold
  8967 | D:7      | Noticed Pikel
  9226 | D:8      | Reached skill level 6 in Fighting
  9388 | D:8      | Reached skill level 10 in Axes
  9656 | D:8      | Reached XP level 10. HP: 76/92 MP: 13/13
  9716 | D:8      | Reached skill level 5 in Evocations
  9771 | D:8      | Noticed a two-headed ogre
  9775 | D:8      | Killed a two-headed ogre
  9966 | D:8      | Reached skill level 7 in Fighting
  9970 | D:8      | Got a citrine-studded leather armour
 10023 | D:8      | Identified the +3 leather armour of Disaster {rF+} (You
                  | found it on level 8 of the Dungeon)
 10231 | D:9      | Noticed a purple ugly thing
 10235 | D:9      | Noticed a two-headed ogre
 10248 | D:9      | Killed a two-headed ogre
 10250 | D:9      | HP: 7/141 [purple ugly thing (6)]
 10260 | D:9      | Killed a purple ugly thing
 10264 | D:9      | Found a white marble altar of Elyvilon.
 10467 | D:9      | Found a staircase to the Lair.
 10587 | D:9      | Found Unemu's Antique Weapon Boutique.
 10593 | D:9      | Bought a glowing hand axe for 168 gold pieces
 10619 | D:9      | Found a staircase to the Orcish Mines.
 10891 | D:9      | Noticed a fire giant
 10903 | D:9      | Killed a fire giant
 10903 | D:9      | Reached skill level 8 in Fighting
 10903 | D:9      | Reached XP level 11. HP: 64/103 MP: 14/16
 11342 | D:10     | Entered Level 10 of the Dungeon
 11345 | D:10     | Bought a scroll of identify for 32 gold pieces
 11345 | D:10     | Bought a potion of curing for 48 gold pieces
 11345 | D:10     | Bought a scroll of teleportation for 48 gold pieces
 11513 | D:10     | Noticed an unseen horror
 11544 | D:10     | Killed an unseen horror
 12305 | D:10     | Noticed a wizard
 12313 | D:10     | Noticed a tengu warrior
 12325 | D:10     | Killed a wizard
 12338 | D:10     | Noticed a cyclops
 12579 | Orc:1    | Entered Level 1 of the Orcish Mines
 12579 | Orc:1    | Noticed a two-headed ogre
 12759 | D:11     | You fall into a shaft and drop 1 floor!
 12834 | D:12     | Reached skill level 9 in Fighting
 13028 | D:12     | Reached XP level 12. HP: 86/114 MP: 18/18
 13424 | D:12     | Noticed a two-headed ogre
 13438 | D:12     | Killed a two-headed ogre
 13793 | D:13     | Noticed a centaur warrior
 13801 | D:13     | Killed a centaur warrior
 13816 | D:13     | Found Basenape's Weapon Boutique.
 13899 | D:13     | Reached skill level 10 in Fighting
 14290 | D:13     | Got a bloodstained plate armour
 14301 | D:13     | Identified the +0 plate armour of the Skies Above {rC++
                  | Str-3 Int+4} (You found it on level 13 of the Dungeon)
 14449 | D:13     | Noticed a death knight
 14481 | D:14     | Noticed a two-headed ogre
 14613 | D:14     | Found Comighas's Armour Shoppe.
 14661 | D:14     | HP: 2/116 [vampire mosquito (7)]
 14820 | D:14     | Bought the +4 ring mail of Responsibility {rC+ Str+3 Int+4}
                  | for 632 gold pieces
 14834 | D:14     | Bought a +0 cloak for 54 gold pieces
 15348 | D:14     | Reached skill level 10 in Evocations
 15384 | D:14     | Found a sacrificial altar of Ru.
 15462 | D:14     | Killed a two-headed ogre
 15462 | D:14     | Reached skill level 11 in Fighting
 15597 | D:14     | Noticed a deep elf knight
 15604 | D:14     | Gained mutation: You can use your snake-like lower body to
                  | constrict enemies. [Naga growth]
 15604 | D:14     | Reached XP level 13. HP: 57/127 MP: 20/20
 16183 | D:15     | Entered Level 15 of the Dungeon
 16563 | D:15     | Reached skill level 12 in Fighting
 16818 | D:15     | Noticed a fire dragon
 16818 | D:15     | Noticed an ice dragon
 16931 | D:15     | Noticed Agnes
 16941 | D:15     | Killed Agnes
 17596 | D:11     | Found an ornate altar of the Wu Jian Council.
 18099 | D:11     | Reached skill level 13 in Fighting
 18320 | Lair:1   | Entered Level 1 of the Lair of Beasts
 18322 | Lair:1   | Noticed Gastronok
 18344 | Lair:1   | Killed Gastronok
 18344 | Lair:1   | Reached XP level 14. HP: 106/141 MP: 23/23
 19342 | Lair:1   | Noticed Nergalle
 19352 | Lair:1   | Killed Nergalle
 19501 | Lair:2   | Found a gate leading to a gauntlet.
 19507 | Gauntlet | Entered a Gauntlet
 19507 | Gauntlet | Found a transporter.
 19514 | Gauntlet | Found a transporter.
 19516 | Gauntlet | Found a transporter.
 19524 | Gauntlet | Found a runed translucent door.
 19527 | Gauntlet | Found a transporter.
 19529 | Gauntlet | Found a transporter.
 19538 | Gauntlet | Found a transporter.
 19554 | Gauntlet | Found a transporter.
 19564 | Gauntlet | Found a transporter.
 19574 | Gauntlet | Found a transporter.
 19585 | Gauntlet | Found a runed translucent door.
 19585 | Gauntlet | Found a runed translucent door.
 19589 | Gauntlet | Found a transporter.
 19604 | Gauntlet | Found a transporter.
 19605 | Gauntlet | Found a transporter.
 19656 | Gauntlet | Found a transporter.
 19671 | Gauntlet | Found a transporter.
 20168 | Gauntlet | Got a faintly glowing cloak
 20179 | Gauntlet | Identified the +1 cloak of Lecume {MR+ Int+4} (You found it
                  | in a Gauntlet)
 20319 | Gauntlet | Identified the +5 flail "Kirotzes" {flame, rN+ MR- Dex+3
                  | SInv}
 20321 | Gauntlet | Found the +2 pair of boots of the Assassin {Detection Stab+
                  | Stlth++}
 20526 | Lair:2   | Reached skill level 14 in Fighting
 21547 | Lair:3   | Reached skill level 15 in Fighting
 21720 | Lair:3   | Found a hole to the Spider Nest.
 22090 | Lair:3   | Found a staircase to the Swamp.
 22633 | Lair:3   | Identified a scroll of acquirement
 22762 | Lair:4   | Reached XP level 15. HP: 130/156 MP: 20/25
 22780 | Lair:4   | Found a frozen archway.
 22789 | IceCv    | Entered an ice cave
 22969 | IceCv    | Reached skill level 16 in Fighting
 23218 | IceCv    | Got a clouded marble ring
 23224 | IceCv    | Got a vibrating silver ring
 23360 | IceCv    | Identified the ring of Trepidation {+Fly Str+7 Int-4 SInv}
                  | (You found it in an ice cave)
 24305 | Lair:4   | Found a runed translucent door.
 24744 | Lair:4   | Reached skill level 15 in Evocations
 24868 | Lair:4   | Got a shimmering iron ring
 25072 | Lair:5   | Found a runed translucent door.
 25073 | Lair:5   | Found a viscous altar of Jiyva.
 25073 | Lair:5   | Found a staircase to the Slime Pits.
 25535 | Lair:6   | Entered Level 6 of the Lair of Beasts
 25595 | Lair:5   | Reached skill level 17 in Fighting
 26501 | Lair:1   | Bought the -2 hat of the Alchemist {rElec rPois rF+ rC+ rN+
                  | MR+ rMut rCorr} for 1652 gold pieces
 26501 | Lair:1   | Bought a glowing plate armour for 910 gold pieces
 26501 | Lair:1   | Found the -2 hat of the Alchemist {rElec rPois rF+ rC+ rN+
                  | MR+ rMut rCorr}
 27026 | Orc:2    | Entered Level 2 of the Orcish Mines
 27266 | Orc:2    | Reached skill level 1 in Armour
 27608 | Orc:2    | Found Zemish's General Store.
 27615 | Orc:2    | Found Tabrea's Food Boutique.
 28594 | Orc:2    | Bought a potion of heal wounds for 65 gold pieces
 28594 | Orc:2    | Bought a wand of iceblast (8) for 156 gold pieces
 28846 | Orc:2    | Found a staircase to the Elven Halls.
 29055 | Orc:2    | HP: 4/162 [sun demon[an orc high priest] (19)]
 29055 | Orc:2    | Slain by a sun demon

Levels and vault maps discovered:
D:1:      lightli_arrival_lavapool, layout_loops_ring,
          chequers_serial_rivers_room_a
D:2:      kennysheep_the_goblin_king, layout_basic, uniq_terence
D:3:      layout_basic, first_ration
D:4:      lemuel_upstairs_altar, layout_basic, uniq_eustachio
D:5:      layout_loops_cross, minmay_temple_entry_large_hall
D:6:      layout_gridville, ebering_ghost_sewer_d, trog_book
D:7:      layout_rooms, marbit_many_paths, minmay_misc_feat_x, grunt_ogre_cave,
          uniq_crazy_yiuf_cottage, uniq_harold, uniq_pikel
D:8:      kennysheep_six_static_rooms, layout_basic, minmay_curled_crystal
D:9:      layout_basic, elyvilon_altar_5, lair_entry_dummy, serial_shops,
          nicolae_shop_trees, kennysheep_just_a_vault
D:10:     minmay_chambers_of_sevens, layout_basic
D:11:     minmay_the_grid_square_5x5_5x5_mashed
          [minmay_the_grid_square_5x5_inverted_slash,
          minmay_the_grid_square_5x5_trominoes,
          minmay_the_grid_square_5x5_dogpile,
          minmay_the_grid_square_5x5_misaligned, minmay_the_grid_square_5x5_z,
          minmay_the_grid_square_5x5_forky,
          minmay_the_grid_square_5x5_prize_deathbox,
          minmay_the_grid_square_5x5_slash,
          minmay_the_grid_square_5x5_prize_snowflake,
          minmay_the_grid_square_5x5_doubleslash,
          minmay_the_grid_square_5x5_pentomino_r,
          minmay_the_grid_square_5x5_intrusive_squares,
          minmay_the_grid_square_5x5_prize_waves,
          minmay_the_grid_square_5x5_inset, minmay_the_grid_square_5x5_plus,
          minmay_the_grid_square_5x5_broken_cross,
          minmay_the_grid_square_5x5_prize_rear_guard,
          minmay_the_grid_square_5x5_six_small,
          minmay_the_grid_square_5x5_prize_open,
          minmay_the_grid_square_5x5_shrine1,
          minmay_the_grid_square_5x5_tetrominoes,
          minmay_the_grid_square_5x5_hourglass,
          minmay_the_grid_square_5x5_inner_v, minmay_the_grid_square_5x5_three,
          minmay_the_grid_square_5x5_corner], layout_loops_cross, serial_shops,
          shop, basic_altar, serial_co_window_serial,
          co_window_of_opportunity_a, co_window_corner_a,
          co_window_of_opportunity_a, co_window_paths_a,
          co_window_of_opportunity_a, co_window_corner_a, co_window_paths_b,
          co_window_of_opportunity_a, co_window_corner_a, co_window_2corner,
          co_window_cross_3, glass_columns_a, glass_columns_a,
          hangedman_abyss_or_decor_passed, okawaru_humans
D:12:     layout_gridville, minmay_misc_feat_secret_circle
D:13:     layout_irregular_city, grunt_vaults_entry_fortified, serial_shops,
          nicolae_shop_statue_plus
D:14:     layout_roguey, serial_shops, shop, nicolae_ru_the_path_less_chosen
D:15:     grunt_enter_depths_hoard, layout_irregular_city, uniq_agnes
Temple:   regret_index_temple_chain_breaker
Lair:1:   layout_gridlike, st_stairs_5, infiniplex_staircase_pool_2,
          uniq_gastronok, uniq_nergalle
Lair:2:   layout_roguey [special_room_bee], gauntlet_entry_generic,
          minivault_24, serial_bayou_shore_b, grunt_megastairs_2
Lair:3:   layout_layer_cave, swamp_mist, spider_nest_entry_web_field,
          chequers_serial_rivers_marsh, st_stairs_11, grunt_forest_stairs_basic,
          beast_lair_carwin_1
Lair:4:   gammafunk_lair_enchanted_lake, layout_misc_corridors,
          portal_ice_cave_entry_pillars_1
Lair:5:   layout_loops_ring, slime_altar_2
Lair:6:   guppyfry_lair_end_dragon, layout_cave_shapes, wormcave,
          lemuel_fruit_fields, serial_bayou_shore_a, grunt_megastairs_4
Orc:1:    layout_caves, nicolae_orc_sculptors_studio
Orc:2:    pf_orc_diabolical, layout_diamond_mine, basic_altar,
          statue_in_the_mist_lemuel

Skill      XL: |  1  2  3  4  5  6  7  8  9 10 11 12 13 14 15 |
---------------+----------------------------------------------+-----
Stealth        | 2 3 |  3.0
Fighting       | 1 3 4 6 8 9 11 13 15 17 | 17.6
Axes           | 1 2 3 4 5 6 8 10 12 13 14 | 14.3
Shields        | 1 2 |  2.6
Evocations     | 2 4 6 8 10 12 14 15 | 15.7
Armour         | 2 |  2.3
Spellcasting   | |  1.3
Conjurations   | |  1.0
Charms         | |  4.0
Fire Magic     | |  2.0

Action                   |  1- 3 |  4- 6 |  7- 9 | 10-12 | 13-15 || total
-------------------------+-------+-------+-------+-------+-------++-------
Melee: Whip              |    47 |   262 |    85 |       |       ||   394
       Short sword       |     1 |       |       |       |       ||     1
       Hand axe          |       |       |   393 |   727 |   298 ||  1418
       Dagger            |       |       |    23 |       |       ||    23
       Constrict         |       |       |       |       |   223 ||   223
       Broad axe         |       |       |       |       |   803 ||   803
Throw: Dart              |     4 |     3 |     2 |       |       ||     9
Invok: Call Merchant     |       |       |       |     1 |     1 ||     2
 Abil: Spit Poison       |    23 |    40 |    11 |     1 |     1 ||    76
       Evoke Flight      |       |       |       |       |     1 ||     1
Evoke: Wand              |       |       |     9 |    41 |    59 ||   109
  Use: Potion            |       |     1 |     1 |     8 |     5 ||    15
       Scroll            |       |    11 |     5 |     6 |    19 ||    41
 Stab: Sleeping          |       |     1 |       |     2 |     1 ||     4
       Distracted        |       |       |       |     1 |     4 ||     5
       Invisible         |       |       |       |       |     8 ||     8
       Paralysed         |       |       |       |       |    15 ||    15
       Held in net/web   |       |       |       |       |     2 ||     2
  Eat: Chunk             |     3 |    12 |     5 |       |       ||    20
       Ration            |       |       |     4 |     6 |    11 ||    21
Armor: Robe              |     2 |       |       |       |       ||     2
       Ring mail         |     8 |    13 |       |    42 |   424 ||   487
       Scale mail        |       |   150 |   278 |    11 |       ||   439
       Leather armour    |       |       |       |   188 |       ||   188
       Skin              |       |       |       |    13 |       ||    13
       Plate armour      |       |       |       |     3 |    73 ||    76
Dodge: Dodged            |    30 |   133 |   203 |   234 |   315 ||   915
Block: Buckler           |       |    27 |   117 |    98 |   152 ||   394
